 Dungeon Crawl Stone Soup version 0.23.0-3-gf3c87f2 (webtiles) character file.

Game seed: 11312398003605257382

1393 Borgoz the Cutter (level 8, -10/70 HPs)
             Began as a Ghoul Monk on Feb 23, 2019.
             Was a Believer of Ashenzari.
             Mangled by an orc warrior
             ... wielding a +0 glaive
              (17 damage)
             ... on level 3 of the Dungeon.
             The game lasted 00:16:27 (6593 turns).

Borgoz the Cutter (Ghoul Monk)                      Turns: 6593, Time: 00:16:28

Health: -10/70     AC:  9    Str: 15    XL:     8   Next: 68%
Magic:  7/7        EV: 12    Int:  6    God:    Ashenzari [**....]
Gold:   260        SH:  0    Dex: 12    Spells: 7/7 levels left

rFire    . . .     SeeInvis .   j - +1 rapier
rCold    + . .     Gourm    .   (no shield)
rNeg     + + +     Faith    .   i - +0 ring mail (curse)
rPois    ∞         Spirit   .   r - +0 helmet
rElec    .         Reflect  .   (no cloak)
rCorr    .         Harm     .   e - +0 pair of gloves
MR       .....                  (no boots)
Stlth    ++........             h - amulet of the acrobat
HPRegen  0.00/turn              k - +2 ring of protection (curse)
MPRegen  0.10/turn              (no ring)

@: rotting, studying Axes
A: rotting body, claws 1, carnivore, cold resistance 1, negative energy
resistance 3, inhibited regeneration, torment resistance, unbreathing
a: Curse Item, Scrying, Renounce Religion


You were on level 3 of the Dungeon.
You worshipped Ashenzari.
Ashenzari was pleased with you.
You were not hungry.

You visited 2 branches of the dungeon, and saw 6 of its levels.

You collected 260 gold pieces.

Inventory:

Hand Weapons
 j - a +1 rapier (weapon)
 p - a +2 short sword of holy wrath
Armour
 d - a +0 shield
 e - a +0 pair of gloves (worn)
 i - a cursed +0 ring mail (worn)
 r - a +0 helmet (worn)
Jewellery
 f - an uncursed ring of resist corrosion
 g - an uncursed ring of magical power
 h - an amulet of the acrobat (around neck)
 k - a cursed +2 ring of protection (left hand)
 o - a cursed +2 ring of strength
Scrolls
 a - a scroll of fog
 l - 3 scrolls of amnesia
 m - a scroll of fear {unknown}
 n - 3 scrolls of enchant armour
 t - 3 scrolls of remove curse
 u - a scroll of identify
Books
 b - a manual of Axes
Comestibles
 c - 11 rations


   Skills:
 + Level 6.0 Fighting
 + Level 7.0 Short Blades
 + Level 2.7 Armour
 + Level 4.7 Dodging
 + Level 3.7 Stealth


You had 7 spell levels left.
You didn't know any spells.
Your spell library was empty.

Dungeon Overview and Level Annotations

Branches:
Dungeon (5/15)             Temple (1/1) D:4

Altars:
Ashenzari
Dithmenos
Elyvilon
Fedhas
Gozag
Hepliaklqana
Kikubaaqudgha
Makhleb
Nemelex Xobeh
Okawaru
Ru
Sif Muna
Trog
Xom
Yredelemnul
Zin
The Shining One


Innate Abilities, Weirdness & Mutations

Your body is rotting away.
You thrive on raw meat.
You are immune to poison.
You have sharp fingernails.
You are carnivorous and can eat meat at any time.
Your flesh is cold resistant. (rC+)
You are immune to negative energy. (rN+++)
You do not regenerate when monsters are visible.
You are immune to unholy pain and torment.
You can survive without breathing.


Message History

The orc warrior is heavily wounded.
The orc warrior barely misses you.
You hit the orc warrior.
The orc warrior is severely wounded.
The orc warrior misses you.
You barely miss the orc warrior.
The orc warrior is severely wounded.
You hit the orc warrior but do no damage.
The orc warrior is severely wounded.
The orc warrior closely misses you.
You barely miss the orc warrior.
The orc warrior is severely wounded.
The orc warrior hits you with a +0 glaive!!
* * * LOW HITPOINT WARNING * * *
You hit the orc warrior.
The orc warrior is severely wounded.
You hit the orc warrior but do no damage.
The orc warrior is severely wounded.
The orc warrior hits you with a +0 glaive!
You die...

#.##..# #.##.....# ##.##
#.##..###....#.### #...#
#.##.#...###.#.# #.#..
#..<....####.#.# #...#
####.#.##......# ##.##
#.#.##.##.### #... ###
##.#.##......#######.## ..#
#..........#.........#
#.#########.#..o@.<....#########
.......#......########.#
..#.##.#.####.# #.#
...#.#.#.####.## #>#
..###..........# ##.##
.#.#.#.#.......# #...#
.##.##.#.#.#...# #...#######
.......#.......# #.........#
......##.....#.######....####.###


You could see an orc warrior.

Vanquished Creatures
  Eustachio (D:4)
  A sky beast (D:5)
  2 ogres (D:5)
  A phantom (D:5)
  A centaur (D:4)
  A bullfrog zombie (D:5)
  2 howler monkeys
  2 orc priests
  4 orc wizards (D:4)
  2 gnoll shamans
  A hound (D:5)
  A centaur skeleton (D:5)
  Jessica (D:2)
  5 worker ants
  A hound zombie (D:5)
  6 adders
  8 gnolls
  A howler monkey skeleton (D:4)
  2 adder skeletons
  An adder zombie (D:5)
  3 worms
  4 dart slugs
  5 leopard geckos
  10 orcs
  2 ball pythons
  9 bats
  6 giant cockroaches
  10 hobgoblins
  13 jackals
  7 kobolds
  5 quokkas
  A frilled lizard (D:5)
  A giant cockroach zombie (D:3)
  12 goblins
  3 leopard gecko skeletons
  A quokka zombie (D:5)
  7 rats
143 creatures vanquished.

Vanquished Creatures (others)
  A hound (D:5)
1 creature vanquished.

Grand Total: 144 creatures vanquished

Notes
Turn   | Place    | Note
-------+----------+-------------------------------------------
     0 | D:1      | Borgoz the Ghoul Monk began the quest for the Orb.
     0 | D:1      | Reached XP level 1. HP: 19/19 MP: 0/0
   379 | D:1      | Reached XP level 2. HP: 26/26 MP: 1/1
   551 | D:1      | Reached skill level 3 in Short Blades
   685 | D:1      | Reached XP level 3. HP: 22/33 MP: 2/2
  1190 | D:2      | Noticed Jessica
  1234 | D:2      | Killed Jessica
  1234 | D:2      | Reached XP level 4. HP: 39/40 MP: 3/3
  1259 | D:2      | Found an ancient bone altar of Kikubaaqudgha.
  1792 | D:3      | Noticed an orc warrior
  1814 | D:2      | Reached XP level 5. HP: 20/46 MP: 4/4
  2009 | D:3      | Reached skill level 4 in Short Blades
  2113 | D:3      | Found a shadowy altar of Dithmenos.
  2295 | D:3      | Found a shattered altar of Ashenzari.
  2327 | D:3      | Became a worshipper of Ashenzari the Shackled
  2327 | D:3      | Reached * piety under Ashenzari
  2327 | D:3      | Reached ** piety under Ashenzari
  2530 | D:3      | Noticed an ogre
  2695 | D:4      | Found an iron altar of Okawaru.
  2698 | D:4      | Reached XP level 6. HP: 53/53 MP: 5/5
  3121 | D:4      | Reached skill level 5 in Short Blades
  3178 | D:4      | Noticed Eustachio
  3220 | D:4      | Reached XP level 7. HP: 29/60 MP: 6/6
  3408 | D:4      | Reached skill level 5 in Fighting
  3642 | D:4      | Found a sacrificial altar of Ru.
  3967 | D:4      | Found a staircase to the Ecumenical Temple.
  3997 | D:4      | Killed Eustachio
  3997 | D:4      | Reached skill level 6 in Short Blades
  3997 | D:4      | Reached skill level 1 in Armour
  4009 | Temple   | Entered the Ecumenical Temple
  4536 | D:5      | Entered Level 5 of the Dungeon
  4650 | D:5      | Reached XP level 8. HP: 47/69 MP: 7/7
  5229 | D:5      | Found a deep blue altar of Sif Muna.
  5283 | D:5      | Found a burning altar of Makhleb.
  5356 | D:5      | HP: 2/70 [sky beast (6)]
  5697 | D:5      | Reached skill level 7 in Short Blades
  6593 | D:3      | Mangled by an orc warrior

Skill      XL: |  1  2  3  4  5  6  7  8 |
---------------+-------------------------+-----
Short Blades   | 3 4 5 6 7 |  7.0
Dodging        | 3 4 |  4.7
Fighting       | 4 5 6 |  6.0
Stealth        | 3 |  3.7
Armour         | 1 2 |  2.7

Action                   |  1- 3 |  4- 6 |  7- 9 || total
-------------------------+-------+-------+-------++-------
Melee: Short sword       |   119 |   391 |   162 ||   672
       Rapier            |       |       |   239 ||   239
Invok: Curse Item        |       |     1 |       ||     1
  Use: Potion            |       |     8 |     2 ||    10
       Scroll            |       |     5 |     5 ||    10
 Stab: Sleeping          |     3 |     9 |     1 ||    13
       Distracted        |       |     1 |       ||     1
  Eat: Chunk             |    14 |    42 |    35 ||    91
Armor: Robe              |    34 |    70 |       ||   104
       Ring mail         |       |     4 |   110 ||   114
Dodge: Dodged            |    94 |   272 |   186 ||   552
